[Event "*** Titled Tuesday Blitz"]
[Site "Chess.com"]
[Date "2020.05.12"]
[Round "10"]
[White "hongnhung1234"]
[Black "StockholmMissile"]
[Result "1-0"]
[WhiteElo "2268"]
[BlackElo "2413"]
[TimeControl "180+1"]
[EndTime "11:53:13 PDT"]
[Termination "hongnhung1234 won by resignation"]

1. e4 c6 2. d4 d5 3. f3 g6 4. Nc3 Bg7 5. Be3 Nf6 6. e5 Nfd7 7. h4 h5 8. Nh3 Nf8 9. Ng5 Ne6 10. Bd3 Nxg5 11.
hxg5 e6 12. Qd2 a6 13. O-O-O c5 14. dxc5 Bxe5 15. g4 hxg4 16. Rxh8+ Bxh8 17. Rh1 Bg7 18. Rh7 Kf8 19. Qh2 g3 20. Qxg3 d4 21. Rxg7 Kxg7 22. Qe5+ f6 23. gxf6+ Qxf6 24. Bh6+ Kf7 25. Qc7+ Nd7 26.
Ne4 Qh4 27. Ng5+ Kf6 28. Qd8+ Ke5 29. Nf7+ Kd5 30. Qxh4 1-0

[Event "*** Titled Tuesday Blitz"]
[Site "Chess.com"]
[Date "2020.05.12"]
[Round "10"]
[White "ZEN-22"]
[Black "Mbneu"]
[Result "1-0"]
[WhiteElo "2422"]
[BlackElo "2265"]
[TimeControl "180+1"]
[EndTime "11:53:15 PDT"]
[Termination "ZEN-22 won by resignation"]

1. d4 Nf6 2. Bg5 c5 3. d5 e6 4. Nc3 h6 5. Bh4 d6 6. e4 e5 7. f3 Be7 8. g4 Nxd5 9. Bxe7 Nxe7 10. Bb5+ Nbc6 11. Qd2 a6 12. Bxc6+ Nxc6 13. O-O-O Nd4 14. Nd5 Be6 15. Kb1 Bxd5 16. exd5 O-O 17. c3 Nb5 18. f4 exf4 19. Qxf4 Qg5 20. Qxg5 hxg5 21. Nf3 f6 22. h4 gxh4 23. Nxh4 Kf7 24. a4 Nc7 25. Nf5 Rad8 26. Rh7 Rg8 27. a5 Rd7 28. c4 Kg6 29. Rdh1 Ne8 30. R1h5 Nc7 31. Kc2 Re8 32. Kd3 Re1 33.
Nh4+ Kf7 34. g5 fxg5 35. Nf3 Rd1+ 36. Kc2 Rf1 37. Nxg5+ Kg6 38. Ne4 Rf5 39. R5h6+ gxh6 40. Rxd7 Ne8 41. Nxd6 Nxd6 42. Rxd6+ Rf6 43. Rxf6+ Kxf6 44. Kd3 Ke5 45. Ke3 Kd6 46. Kf4 Kc7 47. Kf5 b5 48. axb6+ Kxb6 49. Ke6 h5 50. d6 h4 51. d7 1-0

[Event "*** Titled Tuesday Blitz"]
[Site "Chess.com"]
[Date "2020.05.12"]
[Round "10"]
[White "Colombiano07"]
[Black "Tsyhanchuk_Stanislav"]
[Result "1-0"]
[WhiteElo "2204"]
[BlackElo "2484"]
[TimeControl "180+1"]
[EndTime "11:53:16 PDT"]
[Termination "Colombiano07 won on time"]

1. d4 d5 2. Nf3 Nf6 3. e3 c5 4. Bd3 Nc6 5. O-O c4 6. Be2 Bf5 7. b3 b5 8. a4 a6 9. Ne5 Rc8 10. axb5 axb5 11. Nc3 b4 12. Na4 e6 13. bxc4 dxc4 14. Nxc4 Be7 15. Bb2 O-O 16. Nc5 Qc7 17. Bf3 Rfd8 18. Qe2 Bxc5 19. dxc5 Ne7 20. Nd6 Rb8 21. Bd4 Nc6 22. Bxf6 gxf6 23. Nxf5 exf5 24. Ra6 Ne5 25. Rxf6 Qxc5 26. Rxf5 Nxf3+ 27. Qxf3 Qe7 28. h3 Kh8 29. Rd1 Rf8 30. Qd5 Rb7 31. Qe5+ Qxe5 32. Rxe5 Rc8 33. Rd2 b3 34. cxb3 Rxb3 35. Re7 f6 36. Rdd7 Rb1+ 37. Kh2 Kg8 38. Rg7+ Kf8 39.
Rxh7 1-0

[Event "*** Titled Tuesday Blitz"]
[Site "Chess.com"]
[Date "2020.05.12"]
[Round "10"]
[White "Kopytkin"]
[Black "RitvarsReimanis"]
[Result "0-1"]
[WhiteElo "2352"]
[BlackElo "2490"]
[TimeControl "180+1"]
[EndTime "11:53:17 PDT"]
[Termination "RitvarsReimanis won on time"]

1. e4 c5 2. d4 cxd4 3. c3 Nf6 4. e5 Nd5 5. cxd4 d6 6. Bc4 e6 7. Nf3 Nc6 8. O-O Be7 9. Nc3 Nxc3 10. bxc3 dxe5 11.
dxe5 Qxd1 12. Rxd1 Bd7 13. Rb1 Na5 14. Be2 h6 15. Nd4 Ba4 16. Bb5+ Bxb5 17. Nxb5 O-O 18. Be3 a6 19. Rd7 Nc6 20. Nd4 Bg5 21. f4 Nxe5 22. Rdxb7 Nc4 23. fxg5 Nxe3 24. gxh6 gxh6 25. Rc7 Nd5 26.
Rc5 Rac8 27. Rxc8 Rxc8 0-1

[Event "*** Titled Tuesday Blitz"]
[Site "Chess.com"]
[Date "2020.05.12"]
[Round "10"]
[White "PhileKhoob"]
[Black "narutosmith"]
[Result "1-0"]
[WhiteElo "2440"]
[BlackElo "2279"]
[TimeControl "180+1"]
[EndTime "11:53:17 PDT"]
[Termination "PhileKhoob won on time"]

1. e4 c5 2. Nf3 e6 3. d4 cxd4 4. Nxd4 Nc6 5. Nc3 Qc7 6. Be3 a6 7. Qd2 Nf6 8. O-O-O Be7 9. f3 b5 10. g4 Nxd4 11. Bxd4 Bb7 12. h4 Rc8 13. Bd3 b4 14.
Na4 Bc6 15. Nb6 Rb8 16. Qf2 d5 17. g5 Nh5 18. exd5 exd5 19. Rhe1 O-O 20. Kb1 Bd6 21. Qg1 Nf4 22. h5 Ne6 23. Bf2 d4 24. Nc4 Bxf3 25.
Be2 Bxe2 26. Rxe2 Qxc4 27. Rde1 Bf4 28. b3 Qc3 29. g6 fxg6 30. hxg6 Ng5 31. Bxd4 Qc6 32.
gxh7+ Kh8 33. Re7 Rf7 34. Rxf7 Qh6 35. Bxg7+ 1-0

[Event "*** Titled Tuesday Blitz"]
[Site "Chess.com"]
[Date "2020.05.12"]
[Round "10"]
[White "stanyga"]
[Black "Tashik"]
[Result "1-0"]
[WhiteElo "2634"]
[BlackElo "2451"]
[TimeControl "180+1"]
[EndTime "11:53:18 PDT"]
[Termination "stanyga won by resignation"]

1. e4 e5 2. Nf3 Nc6 3. Bb5 a6 4. Ba4 Nf6 5. O-O b5 6. Bb3 Bc5 7. c3 d6 8. d4 Bb6 9. Re1 O-O 10. h3 h6 11. Be3 Re8 12. Nbd2 Rb8 13. Qb1 Bb7 14. a4 exd4 15. cxd4 Nb4 16. d5 Bxe3 17. Rxe3 c6 18. dxc6 Bxc6 19. Nd4 Bd7 20. axb5 axb5 21.
N2f3 Nc6 22. Nxc6 Bxc6 23. Ra7 Rb7 24. Nd4 Rxa7 25. Nxc6 Qb6 26. Nxa7 Qxa7 27. Qd3 Qc5 28. Kh2 Qe5+ 29. g3 Qxb2 30. Kg2 Qe5 31. Bd5 b4 32.
Qb3 Qd4 33. Bxf7+ Kh7 34. Bxe8 Nxe8 35. Qd3 Qc5 36. e5+ Kh8 37. e6 1-0

[Event "*** Titled Tuesday Blitz"]
[Site "Chess.com"]
[Date "2020.05.12"]
[Round "10"]
[White "JoachimMouhamad"]
[Black "harkerchess"]
[Result "0-1"]
[WhiteElo "2202"]
[BlackElo "2015"]
[TimeControl "180+1"]
[EndTime "11:53:18 PDT"]
[Termination "harkerchess won on time"]

1. e4 e5 2. Nf3 Nc6 3. Bb5 a6 4.
Ba4 Nf6 5. O-O b5 6. Bb3 Be7 7. Re1 d6 8. c3 O-O 9. h3 Nb8 10.
d4 Nbd7 11. Nbd2 Bb7 12. Bc2 Re8 13. Nf1 Bf8 14. Ng3 g6 15. Bg5 h6 16. Bd2 Bg7 17. a4 c6 18. b3 exd4 19. cxd4 c5 20. d5 Kh7 21. Bd3 Qb6 22. axb5 axb5 23. Rxa8 Bxa8 24. h4 Ng4 25. Ng5+ hxg5 26. Qxg4 Ne5 27. Qe2 gxh4 28. Nf1 Nd7 29. Qg4 Ne5 30. Qh3 Nxd3 31. Qxd3 Kg8 32. Ne3 Qd8 33. Ng4 Qd7 34. Qf3 Qe7 35. Bf4 Bxd5 36. exd5 Qxe1+ 37. Kh2 Qe7 38. Ne3 Be5 39. Ng4 Bxf4+ 40. Qxf4 Ra8 41. Nf6+ Kg7 42. Ne4 Qe5 43.
Qxe5+ dxe5 44. Nxc5 Rd8 0-1

[Event "*** Titled Tuesday Blitz"]
[Site "Chess.com"]
[Date "2020.05.12"]
[Round "10"]
[White "SCIM"]
[Black "Supernotar"]
[Result "0-1"]
[WhiteElo "2540"]
[BlackElo "2752"]
[TimeControl "180+1"]
[EndTime "11:53:19 PDT"]
[Termination "Supernotar won by resignation"]

1. d4 d5 2. c4 dxc4 3. e4 Nf6 4. e5 Nd5 5. Bxc4 Nb6 6. Bb3 Nc6 7.
Ne2 Bf5 8. Nbc3 e6 9. O-O Be7 10. Be3 Nb4 11. Ng3 Bg6 12. f4 N4d5 13. Nxd5 Nxd5 14.
Qf3 c6 15. f5 exf5 16. Bxd5 Qxd5 17. Qxd5 cxd5 18. Nxf5 Bxf5 19. Rxf5 O-O 20. Rff1 Rac8 21. Rac1 f6 22. e6 Rc6 23. Rxc6 bxc6 24. Rc1 Rc8 25. a3 a5 26. Bd2 Bd8 27. b4 axb4 28. Bxb4 Bb6 29. Bc5 Bxc5 30. Rxc5 Kf8 31. Ra5 Rc7 32. Kf2 Ke7 33. Ke3 Kxe6 34. Kd3 Kd6 35. Ra8 Rb7 36.
a4 Rb2 37. g3 Rxh2 38. a5 Rh3 39. a6 Rxg3+ 40. Kc2 Kc7 41. Kb2 h5 42. a7 Kb7 43.
Rc8 Kxa7 44. Rxc6 h4 0-1

[Event "*** Titled Tuesday Blitz"]
[Site "Chess.com"]
[Date "2020.05.12"]
[Round "10"]
[White "IwkooO"]
[Black "chessdjw"]
[Result "0-1"]
[WhiteElo "2531"]
[BlackElo "2685"]
[TimeControl "180+1"]
[EndTime "11:53:20 PDT"]
[Termination "chessdjw won by checkmate"]

1. e4 c5 2. Nf3 d6 3. d4 cxd4 4. Nxd4 Nf6 5. Nc3 a6 6. Be3 e6 7.
f3 b5 8. g4 b4 9. Nce2 h6 10.
Qd2 Qc7 11. h4 d5 12. e5 Nfd7 13. f4 Nc5 14. Bg2 Nbd7 15. O-O-O a5 16. f5 Nxe5 17. fxe6 Bxe6 18. Nxe6 fxe6 19. Bf4 Ned3+ 20. Kb1 Nxf4 21. Nxf4 O-O-O 22. Rhe1 Rd6 23. Ng6 Rg8 24. g5 Kb8 25. Rf1 Be7 26. gxh6 gxh6 27. Qxh6 e5 28. h5 e4 29. Qh7 Re8 30. Rf7 Re6 31. Bh3 e3 32.
Bxe6 e2 33. Rc1 Nd3 34. cxd3 Qxc1+ 35. Kxc1 e1=Q+ 36. Kc2 Qe2+ 37. Kb3 Qd1# 0-1

[Event "*** Titled Tuesday Blitz"]
[Site "Chess.com"]
[Date "2020.05.12"]
[Round "10"]
[White "MathiasWomacka"]
[Black "MaxVavulin"]
[Result "0-1"]
[WhiteElo "2439"]
[BlackElo "2622"]
[TimeControl "180+1"]
[EndTime "11:53:20 PDT"]
[Termination "MaxVavulin won by resignation"]

1. e4 e5 2. Nf3 Nc6 3. Bc4 Nf6 4. d3 h6 5. O-O d6 6. c3 g5 7. Nbd2 g4 8. Ne1 h5 9. Nc2 h4 10. Ne3 Bh6 11. Re1 Qe7 12. Ndf1 Be6 13. Bb5 a6 14.
Bxc6+ bxc6 15. d4 Nxe4 16. dxe5 g3 17. fxg3 hxg3 18. exd6 gxh2+ 19. Nxh2 cxd6 20. Neg4 Bxc1 21. Rxc1 f5 22. Qd4 O-O-O 23. Rxe4 fxe4 24. Qxe4 Qa7+ 25. Qd4 Qxd4+ 26. cxd4 Kb7 27. a3 Rh4 28. Ne3 Rxd4 29. Nf3 Rd3 30. Nc2 Bd5 31. Nb4 Rb3 32. Nxd5 cxd5 33.
Rc2 Rc8 34. Rd2 Rc1+ 35. Kf2 Rb1 36. Nd4 R3xb2 37. Ke3 Rxd2 38. Kxd2 Rg1 0-1

[Event "*** Titled Tuesday Blitz"]
[Site "Chess.com"]
[Date "2020.05.12"]
[Round "10"]
[White "checkmatequen"]
[Black "kleopl"]
[Result "0-1"]
[WhiteElo "2264"]
[BlackElo "2412"]
[TimeControl "180+1"]
[EndTime "11:53:20 PDT"]
[Termination "kleopl won on time"]

1. e4 d5 2. exd5 Qxd5 3. Nc3 Qd6 4. d4 Nf6 5. Bd3 Nc6 6. Nge2 a6 7. Bf4 Qd8 8. O-O Bg4 9. f3 Bh5 10. Kh1 e6 11.
Ne4 Be7 12. c3 Bg6 13. N2g3 O-O 14. Nxf6+ Bxf6 15. Ne4 e5 16. Nxf6+ Qxf6 17. Bxe5 Nxe5 18. dxe5 Qxe5 19. Bxg6 hxg6 20. Re1 Qb5 21. Qe2 Rfe8 22. Qxb5 axb5 23. a3 Kf8 24. Kg1 Rad8 25. Rxe8+ Kxe8 26. Re1+ Kf8 27. Kf2 Rd2+ 28. Re2 Rd1 29. h3 c6 30. Re1 Rd5 31. f4 f6 32. Ke2 Kf7 33. Rd1 Ke6 34. Rxd5 Kxd5 35. Kd3 c5 36. b4 c4+ 37.
Ke3 g5 38. g4 g6 39. fxg5 fxg5 0-1

[Event "*** Titled Tuesday Blitz"]
[Site "Chess.com"]
[Date "2020.05.12"]
[Round "10"]
[White "ZarinaShafigullina"]
[Black "bazar-wokzal"]
[Result "1-0"]
[WhiteElo "2343"]
[BlackElo "2517"]
[TimeControl "180+1"]
[EndTime "11:53:21 PDT"]
[Termination "ZarinaShafigullina won by resignation"]

1. d4 Nf6 2. Nf3 e6 3. g3 b5 4. Bg2 Bb7 5. O-O c5 6. a4 b4 7.
c4 bxc3 8. bxc3 Na6 9. Na3 Be7 10. Nb5 O-O 11. Ba3 cxd4 12. cxd4 Nb4 13. Qb3 a5 14. Rac1 Rc8 15. Ne5 Bxg2 16. Kxg2 Qb6 17. Kg1 Qb7 18. Nc4 Qa8 19. Nb6 Rxc1 20. Nxa8 Rxf1+ 21. Kxf1 Rxa8 22. Qc4 h5 23. Qc7 h4 24. gxh4 g6 25.
f3 Kg7 26. e4 Rd8 27. Qxa5 Nc6 28. Qc3 Bxa3 29. Qxa3 Ra8 30. Ke2 Na5 31. Kd3 d5 32. e5 Nh5 33. Nd6 Rb8 34. Qc5 Nb3 35. Qc7 Rb4 36.
Qxf7+ Kh6 37. Qf8+ Kh7 38. Qe7+ Ng7 39. Kc3 Rxa4 40.
Kxb3 Rxd4 41. Ne8 1-0

[Event "*** Titled Tuesday Blitz"]
[Site "Chess.com"]
[Date "2020.05.12"]
[Round "10"]
[White "Isajevsky_Anton"]
[Black "chenxiaoyuer"]
[Result "1/2-1/2"]
[WhiteElo "2389"]
[BlackElo "2243"]
[TimeControl "180+1"]
[EndTime "11:53:21 PDT"]
[Termination "Game drawn by agreement"]

1. c4 Nf6 2. Nc3 g6 3. g3 Bg7 4.
Bg2 O-O 5. e4 d6 6. Nge2 c5 7.
O-O Nc6 8. d3 Ne8 9. Be3 Nc7 10.
Rb1 Ne6 11. a3 a5 12. Nd5 Ned4 13. Nxd4 Nxd4 14. b4 axb4 15. axb4 e6 16. Nc3 Nc6 17. Nb5 Nxb4 18. f4 Nc6 19. e5 dxe5 20. Bxc5 exf4 21. gxf4 Re8 22. d4 Bf8 23. Bxf8 Rxf8 24. d5 exd5 25. cxd5 Ne7 26. d6 Nf5 27. Qd2 Ra6 28. Rfd1 Bd7 29. Bxb7 Qb6+ 30. Nd4 Qxd4+ 31. Qxd4 Nxd4 32. Rxd4 Ra7 33. Bf3 Bf5 34. Rbd1 Rd8 35. Kf2 Ra2+ 36. Kg3 Kg7 37. h3 h5 38. h4 Kf6 39. R1d2 Rxd2 40. Rxd2 Ke6 41. Bd5+ Kf6 42. Bc6 Be6 43. Be4 Bf5 44.
Bc6 Bg4 45. Kf2 Bf5 46. Ke3 1/2-1/2

[Event "*** Titled Tuesday Blitz"]
[Site "Chess.com"]
[Date "2020.05.12"]
[Round "10"]
[White "PauloCesarCosta_sad"]
[Black "czasnaszachy"]
[Result "1-0"]
[WhiteElo "2220"]
[BlackElo "2336"]
[TimeControl "180+1"]
[EndTime "11:53:21 PDT"]
[Termination "PauloCesarCosta_sad won on time"]

1. Nf3 d5 2. d4 Nf6 3. c4 e6 4. Nc3 c5 5. cxd5 exd5 6. g3 Nc6 7. Bg2 Be7 8. O-O O-O 9. Bg5 c4 10. Ne5 Be6 11. e3 h6 12. Bxf6 Bxf6 13. Nxc4 dxc4 14. d5 Bxd5 15. Bxd5 Ne5 16. Qe2 Qc7 17. Ne4 Be7 18. Rac1 Rac8 19. a4 a6 20. Rfd1 b5 21. axb5 axb5 22.
Qh5 Nd3 23. Rxd3 cxd3 24. Rxc7 Rxc7 25. Qe5 Rc1+ 26. Kg2 Bb4 27. Qd4 Rd8 28. Bxf7+ Kxf7 29. Qxd8 d2 30. Nxd2 Rd1 31. Qc7+ Be7 32. Nf3 1-0

[Event "*** Titled Tuesday Blitz"]
[Site "Chess.com"]
[Date "2020.05.12"]
[Round "10"]
[White "A-Fier"]
[Black "ENEASZ"]
[Result "1-0"]
[WhiteElo "2782"]
[BlackElo "2531"]
[TimeControl "180+1"]
[EndTime "11:53:22 PDT"]
[Termination "A-Fier won on time"]

1. d4 d5 2. c4 e6 3. Nc3 Nf6 4. Nf3 a6 5. cxd5 exd5 6. Bg5 Be6 7. Bxf6 Qxf6 8. Qb3 Ra7 9. g3 Nd7 10. Bg2 Bd6 11.
Nxd5 Bxd5 12. Qxd5 Bb4+ 13. Kf1 c6 14. Qe4+ Be7 15. Bh3 Nb6 16. Kg2 O-O 17. Qf4 Qxf4 18. gxf4 a5 19. Ne5 Rd8 20. e3 a4 21. Rhd1 Kf8 22.
Rac1 g6 23. Bg4 a3 24. b3 Nd5 25. Bf3 Nb4 26. Rd2 Kg7 27. Nd3 Nxd3 28. Rxd3 Bb4 29. Rc4 Be7 30. Be4 Ra5 31. Rd1 Rd7 32. Rdc1 Rd8 33.
Kf3 Rh5 34. Kg2 Ra5 35. Bf3 Bf8 36. Kf1 Be7 37. Ke2 Raa8 38. Kd3 Ra5 39. Kc2 Rb5 40. Kc3 Ra5 41. b4 Ra4 42. Kb3 Rda8 43.
R1c2 Bf8 44. d5 b5 45. Rd4 cxd5 46. Bxd5 Rd8 47. Rc7 Kh6 48. Rxf7 Bxb4 49. f5 Bc5 50.
Rxa4 bxa4+ 51. Kc4 Bf8 52. f6 Bd6 53. f4 Re8 54.
Kd4 Rb8 55. Rd7 Bf8 56. e4 Rb2 57. e5 Rd2+ 58. Ke4 Rxh2 59. Bg8 1-0

[Event "*** Titled Tuesday Blitz"]
[Site "Chess.com"]
[Date "2020.05.12"]
[Round "10"]
[White "axvesik"]
[Black "Borsuk_Konstantin"]
[Result "1-0"]
[WhiteElo "2540"]
[BlackElo "2634"]
[TimeControl "180+1"]
[EndTime "11:53:22 PDT"]
[Termination "axvesik won on time"]

1. e4 e6 2. d4 d5 3. Nc3 Bb4 4. exd5 exd5 5. Bd3 Nf6 6. Ne2 c6 7. O-O Bd6 8. Re1 O-O 9. Ng3 h6 10. h3 Re8 11. Rxe8+ Qxe8 12. Qf3 Qe7 13. Bd2 Bxg3 14. Qxg3 Ne4 15. Nxe4 dxe4 16. Bxh6 Qf6 17. Bg5 Qxd4 18. Re1 Bf5 19. Qf4 Nd7 20. Bxe4 Bxe4 21. Rxe4 Qxb2 22.
Re7 Nf6 23. Kh2 b5 24. Qc7 Nd5 25. Qxc6 Nxe7 26. Qxa8+ Kh7 27. Qe4+ Ng6 28. h4 Qe5+ 29.
Qxe5 Nxe5 30. Be3 a5 31. Kg3 1-0

[Event "*** Titled Tuesday Blitz"]
[Site "Chess.com"]
[Date "2020.05.12"]
[Round "10"]
[White "Shukh_Nikolay"]
[Black "Revnov"]
[Result "1-0"]
[WhiteElo "2546"]
[BlackElo "2660"]
[TimeControl "180+1"]
[EndTime "11:53:22 PDT"]
[Termination "Shukh_Nikolay won by resignation"]

1. e4 c5 2. Nf3 d6 3. d4 cxd4 4. Nxd4 Nf6 5. Nc3 a6 6. Bg5 e6 7. f4 Qc7 8. Qf3 b5 9. Bd3 Bb7 10. O-O-O Nbd7 11. Rhe1 Be7 12. Qg3 h6 13. Bxf6 gxf6 14.
f5 e5 15. Nb3 Nb6 16. Na5 b4 17. Nb1 h5 18. Nxb7 Qxb7 19. Qg7 Rf8 20. Qh7 Rc8 21. Qxh5 Rg8 22. g3 Bf8 23. Nd2 Ke7 24. Qe2 Ra8 25. Nc4 Bh6+ 26. Kb1 Na4 27. Nxd6 Qb8 28. Bc4 Rd8 29. Nxf7 Nc3+ 30. bxc3 bxc3+ 31. Bb3 Qb4 32. Qc4 Qxc4 33. Bxc4 Rxd1+ 34. Rxd1 Bd2 35. Bb3 a5 36. a4 Rb8 37. Ka2 Rb4 38. h4 Rxe4 39.
h5 Re2 40. Rh1 e4 41. h6 Bxh6 42. Nxh6 e3 43. Ng4 1-0

[Event "*** Titled Tuesday Blitz"]
[Site "Chess.com"]
[Date "2020.05.12"]
[Round "10"]
[White "top_bu_tz"]
[Black "Shushik"]
[Result "1-0"]
[WhiteElo "2214"]
[BlackElo "2084"]
[TimeControl "180+1"]
[EndTime "11:53:22 PDT"]
[Termination "top_bu_tz won by resignation"]

1. e4 e5 2. Nf3 Nc6 3. Bb5 Nf6 4. O-O Nxe4 5. Re1 Nd6 6. Nxe5 Be7 7. Bf1 O-O 8. Nf3 Nf5 9. d4 d5 10. c3 Bf6 11. Bd3 Be6 12. Qc2 Qd7 13. Nbd2 Rfe8 14.
Nf1 g6 15. Ng3 Nxg3 16. hxg3 Bg7 17. Bf4 Bg4 18. Qd2 Bf5 19. Bxf5 Qxf5 20. Rxe8+ Rxe8 21. Re1 Re4 22. Bxc7 h6 23. Rxe4 Qxe4 24. Qe1 Qf5 25.
Ne5 Qe6 26. Nd3 Qf5 27. Qe3 Kh7 28. Qf3 Qe6 29. Nf4 Qe1+ 30. Kh2 Qd2 31. Nxd5 Qxb2 32.
Qxf7 Qxa2 33. Nf6+ Kh8 34. Qe8+ 1-0

[Event "*** Titled Tuesday Blitz"]
[Site "Chess.com"]
[Date "2020.05.12"]
[Round "10"]
[White "VALPARAISO37"]
[Black "KingChess345"]
[Result "1-0"]
[WhiteElo "2360"]
[BlackElo "2213"]
[TimeControl "180+1"]
[EndTime "11:53:24 PDT"]
[Termination "VALPARAISO37 won on time"]

1. d4 Nf6 2. c4 e6 3. Nc3 Bb4 4.
a3 Bxc3+ 5. bxc3 Nc6 6. e3 d6 7.
Bd3 Qe7 8. f3 e5 9. Ne2 O-O 10. e4 Ne8 11. Ng3 exd4 12. cxd4 Nxd4 13. Bb2 Nc6 14. O-O Ne5 15. Be2 Be6 16. Rc1 Nf6 17.
h3 Nfd7 18. f4 Qh4 19. Qe1 Ng6 20. f5 Nf4 21. fxe6 fxe6 22. Kh2 e5 23. Bg4 Nc5 24. Nf5 Qg5 25. Qd2 h5 26. Bf3 g6 27. Ng3 h4 28.
Ne2 Nb3 29. Qe3 Nxc1 30. Qxc1 Kh7 31. Bg4 Kh6 32. Qe1 Nxe2 33. Qxe2 1-0

[Event "*** Titled Tuesday Blitz"]
[Site "Chess.com"]
[Date "2020.05.12"]
[Round "10"]
[White "PowerThinking2650"]
[Black "beto-betun"]
[Result "0-1"]
[WhiteElo "2264"]
[BlackElo "2147"]
[TimeControl "180+1"]
[EndTime "11:53:24 PDT"]
[Termination "beto-betun won on time"]

1. e4 c5 2. Nf3 d6 3. d4 cxd4 4.
Nxd4 Nf6 5. Nc3 a6 6. Be3 e5 7. Nb3 Be7 8. f3 Be6 9. Qd2 O-O 10. O-O-O Nbd7 11. g4 b5 12. g5 Nh5 13. Nd5 Bxd5 14. exd5 f5 15. gxf6 Rxf6 16. Kb1 Nf4 17. Na5 Qf8 18.
Nc6 Rc8 19. Rg1 g6 20. Bxf4 Rxf4 21. Bh3 Rc7 22. Qa5 Rb7 23. Qxa6 Nc5 24. Qa5 Kg7 25.
Bg4 Ra4 26. Qd2 Qa8 27. Nb4 Rba7 28. a3 Bf6 29. Rgf1 e4 30. fxe4 Rxa3 0-1

[Event "*** Titled Tuesday Blitz"]
[Site "Chess.com"]
[Date "2020.05.12"]
[Round "10"]
[White "Usurpov"]
[Black "mjray79"]
[Result "1-0"]
[WhiteElo "2439"]
[BlackElo "2277"]
[TimeControl "180+1"]
[EndTime "11:53:25 PDT"]
[Termination "Usurpov won by resignation"]

1. e4 e5 2. Nf3 Nc6 3. Nc3 Nf6 4. d4 exd4 5. Nxd4 Bb4 6. Nxc6 bxc6 7. Bd3 d5 8. exd5 cxd5 9. O-O O-O 10. Qf3 Be7 11.
Bg5 Be6 12. Rae1 c5 13. Ne2 h6 14. Bxf6 Bxf6 15. c3 Qd7 16. Nf4 Rab8 17. b3 Bxc3 18. Bh7+ Kxh7 19. Qxc3 Qd6 20. Re5 Rb4 21. Nxd5 Bxd5 22.
Qd3+ Kg8 23. Rxd5 Qc6 24. Rc1 Rc8 25. h3 Rf4 26. g3 Rf6 27. b4 Qe6 28. bxc5 Qxh3 29.
c6 Qe6 30. c7 Qb6 31. Rd8+ 1-0

[Event "*** Titled Tuesday Blitz"]
[Site "Chess.com"]
[Date "2020.05.12"]
[Round "10"]
[White "adriangschnitzer"]
[Black "CalinGheorghiu"]
[Result "0-1"]
[WhiteElo "2467"]
[BlackElo "2324"]
[TimeControl "180+1"]
[EndTime "11:53:25 PDT"]
[Termination "CalinGheorghiu won by resignation"]

1. d4 Nf6 2. c4 e6 3. Nc3 Bb4 4. f3 d5 5. a3 Be7 6. e4 dxe4 7.
fxe4 c5 8. e5 Nfd7 9. Nf3 Nc6 10.
Bf4 cxd4 11. Nxd4 Ndxe5 12. Nxc6 Nxc6 13. Qxd8+ Bxd8 14. O-O-O O-O 15. g3 e5 16. Be3 Be6 17. b3 f5 18. Bg2 e4 19. Nd5 Ne5 20. Bc5 Re8 21. Nf4 Bf7 22. h4 Bf6 23. Kb1 Rac8 24.
Bxa7 b5 25. cxb5 Rc3 26. Nd5 Rxb3+ 27. Kc2 Bxd5 28. Rxd5 Rxg3 29. Bh3 Rc8+ 30. Kb1 Rxa3 31. Bxf5 Rcc3 32. Be6+ Kh8 33. Rc5 Nd3 34. Rxc3 Bxc3 35.
b6 Nb4 36. Ba2 Rxa2 0-1

[Event "*** Titled Tuesday Blitz"]
[Site "Chess.com"]
[Date "2020.05.12"]
[Round "10"]
[White "BlackWidow515"]
[Black "Sjakkerntobi"]
[Result "1-0"]
[WhiteElo "2156"]
[BlackElo "2271"]
[TimeControl "180+1"]
[EndTime "11:53:25 PDT"]
[Termination "BlackWidow515 won by checkmate"]

1. Nf3 e6 2. d4 Nf6 3. g3 d5 4. Bg2 Be7 5. O-O O-O 6. Nbd2 c5 7. dxc5 Bxc5 8. c4 Nc6 9. cxd5 Nxd5 10. Ne4 Be7 11.
Bd2 Qb6 12. Qc2 Bd7 13. a3 Rac8 14. Nc3 Nxc3 15. Bxc3 e5 16. Qd2 Be6 17. Nxe5 Nxe5 18. Bxe5 Rfd8 19. Qf4 Rc2 20. Bf3 g5 21. Qe4 Rc4 22.
Qxb7 Qxb7 23. Bxb7 Rc2 24. Ba6 Bc4 25. Bxc4 Rxc4 26.
Rac1 Rxc1 27. Rxc1 f6 28. Bc3 Kf7 29. Kf1 Ke6 30. e3 Rc8 31. Ke2 f5 32. Rd1 Bxa3 33. Ra1 Bc5 34. Ra5 Bb6 35. Re5+ Kf6 36. Rc5+ Kg6 37. Rxc8 Kh5 38. Rh8 Kg4 39. Rxh7 Bxe3 40. h3# 1-0

[Event "*** Titled Tuesday Blitz"]
[Site "Chess.com"]
[Date "2020.05.12"]
[Round "10"]
[White "Grandmaster2B"]
[Black "quesfr"]
[Result "0-1"]
[WhiteElo "2443"]
[BlackElo "2293"]
[TimeControl "180+1"]
[EndTime "11:53:26 PDT"]
[Termination "quesfr won on time"]

1. e4 e6 2. d4 d5 3. Nd2 c5 4. exd5 Qxd5 5. Ngf3 cxd4 6. Bc4 Qd7 7. O-O Nc6 8. Nb3 a6 9. Nbxd4 Nxd4 10. Nxd4 Bd6 11. Re1 Ne7 12. Qg4 Bxh2+ 13. Kxh2 Qc7+ 14. Kg1 Qxc4 15. Qxg7 Rg8 16. Qe5 Nc6 17. Nxc6 Qxc6 18. Qe4 Bd7 19. g3 O-O-O 20. Bf4 Qxe4 21. Rxe4 Bc6 22. Re5 Rd4 23. Kf1 Rgd8 24. Be3 Rb4 25. b3 Bf3 26.
Bf4 Rbd4 27. Rc5+ Kd7 28. Be3 Rd6 29. Re1 Ke8 30. Bg5 Ra8 31. Rc7 Rd7 32. Rc3 Bc6 33. f4 Rd2 34. f5 Rh2 35. fxe6 fxe6 36. Rxe6+ Kf7 37. Rf6+ Kg7 38. Re3 Rd8 0-1

[Event "*** Titled Tuesday Blitz"]
[Site "Chess.com"]
[Date "2020.05.12"]
[Round "10"]
[White "katchesskat"]
[Black "NotFischer"]
[Result "0-1"]
[WhiteElo "2227"]
[BlackElo "2135"]
[TimeControl "180+1"]
[EndTime "11:53:26 PDT"]
[Termination "NotFischer won by checkmate"]

1. c4 g6 2. d4 Bg7 3. Nc3 d6 4. e4 Nc6 5. Nf3 Bg4 6. Be3 e5 7. dxe5 Nxe5 8. Be2 Bxf3 9. gxf3 Nf6 10. f4 Nc6 11.
Qd2 O-O 12. O-O-O Re8 13. Bd3 Ng4 14. h4 h5 15. Rdg1 Nxe3 16. fxe3 Nb4 17. Bb1 c6 18. a3 Na6 19. f5 Qf6 20. fxg6 fxg6 21. e5 Qxe5 22. Bxg6 Nc5 23. Qg2 Re7 24. e4 Rf8 25. Bf5 Nb3+ 26. Kb1 Nd4 27. Bg6 b5 28. cxb5 cxb5 29. Nd5 Rb7 30. Qd2 Nf3 31. Qe2 Nxg1 32. Rxg1 b4 33. axb4 a5 34. Rg2 axb4 35. Rg5 Qd4 36.
Rxh5 Rf1+ 37. Ka2 b3+ 38. Ka3 Qa7+ 39. Qa6 Qxa6# 0-1

[Event "*** Titled Tuesday Blitz"]
[Site "Chess.com"]
[Date "2020.05.12"]
[Round "10"]
[White "CaspiIsrael"]
[Black "Alomaterapia"]
[Result "1-0"]
[WhiteElo "2649"]
[BlackElo "2512"]
[TimeControl "180+1"]
[EndTime "11:53:27 PDT"]
[Termination "CaspiIsrael won on time"]

1. e4 c6 2. d4 d5 3. e5 Bf5 4.
h4 Qb6 5. h5 h6 6. Nc3 e6 7.
Na4 Qa5+ 8. c3 b5 9. Nc5 Bxc5 10. dxc5 Nd7 11. Qd4 Ne7 12. g4 Be4 13. f3 Bh7 14. Bf4 Qc7 15. Nh3 a5 16. a4 b4 17. cxb4 axb4 18. b3 O-O 19. Rh2 Qa7 20. Rc1 f6 21.
exf6 Rxf6 22. Be2 Re8 23. Bd6 e5 24. Bxe5 Re6 25. Bxg7 Nc8 26. Nf4 R6e7 27. Bxh6 Qc7 28. Rf2 Ne5 29. Kf1 Rf7 30. Kg2 Nd7 31. Bd3 Qe5 32. Qxe5 Nxe5 33. Bxh7+ Rxh7 34. Bg5 Rf8 35. Re1 Nd7 36. Ne6 Rff7 37. f4 1-0

[Event "*** Titled Tuesday Blitz"]
[Site "Chess.com"]
[Date "2020.05.12"]
[Round "10"]
[White "Bossche-CM"]
[Black "m_ezat"]
[Result "1-0"]
[WhiteElo "2452"]
[BlackElo "2574"]
[TimeControl "180+1"]
[EndTime "11:53:27 PDT"]
[Termination "Bossche-CM won by checkmate"]

1. e4 e5 2. Nf3 Nc6 3. Nc3 Nf6 4. d4 exd4 5. Nxd4 Bc5 6. Be3 Bb6 7.
Nxc6 bxc6 8. Bxb6 axb6 9. Bd3 d6 10. h3 O-O 11. O-O b5 12. a3 Qe7 13. f4 Nd7 14.
Qf3 Nc5 15. Rae1 Rb8 16. e5 d5 17. f5 f6 18. e6 b4 19. Ne2 bxa3 20. bxa3 Ra8 21.
Ra1 Ra4 22. Nc3 Ra5 23. Ne2 Nxd3 24. Qxd3 Ba6 25. Qd2 Rxa3 26. Rfe1 Qc5+ 27. Kh1 Bc4 28. Rxa3 Qxa3 29. Nd4 c5 30. Nc6 Re8 31. Qf4 Qc3 32.
Rg1 Qxc2 33. Qxc7 Qxf5 34. Ne7+ Rxe7 35. Qd8+ Re8 36. Qxe8# 1-0